Map: [ESL] Goldenaura

Players

FoxeR

  • Race: Terran Terran
  • Spawn Location: 5:00

Astrea - Winner!

  • Race: Protoss Protoss
  • Spawn Location: 12:00

Event: ESL SC2 Masters 2023 Winter (Regional)

VOD

Have the link to the VOD?

Description

Time

  • Played on: Oct. 26, 2023, 3:08 p.m.
  • Length: 7:09

All games in this series

Show
View Real Time Build Order
Export as new Build Order

FoxeR Terran 

Build Orders:  

Get SALT Encoding   

  12  0:00  SCV  
  13  0:12  SCV  
  14  0:16  Supply Depot  
  14  0:24  SCV  
  15  0:38  SCV  
  15  0:40  Barracks  
  16  0:44  Refinery  
  16  0:50  SCV  
  17  1:02  Barracks  
  17  1:05  SCV  
  19  1:42  Command Center  
  19  1:46  Marine  
  19  1:50  Barracks Tech Lab  
  19  2:03  Supply Depot  
  19  2:05  Barracks Reactor  
  19  2:12  Marauder  
  21  2:16  Concussive Shells  
  21  2:20  SCV  
  22  2:33  Marauder  
  24  2:43  Marine x2  
  26  2:47  Orbital Command  
  26  2:57  Marauder  
  28  3:04  Marine x2  
  29  3:17  Bunker  
  29  3:19  SCV, Marauder  
  31  3:26  Marine x2  
  33  3:36  SCV  
  33  3:40  Barracks  
  33  3:43  Marine  
  31  3:49  SCV  
  31  3:51  Marine x2  
  32  4:01  Marine  
  32  4:02  SCV  
  32  4:08  Stimpack  
  32  4:09  Marine  
  33  4:11  Marine  
  33  4:16  SCV  
  34  4:20  SCV  
  35  4:26  Marine  
  36  4:32  Marine x2  
  35  4:41  Marine  
  35  4:43  Orbital Command  
  35  4:44  SCV  
  33  4:53  Marine  
  33  4:54  Marine x2  
  33  4:56  SCV  
  36  5:01  Marine  
  37  5:09  SCV  
  37  5:11  Marine  
  37  5:12  Marine  
  37  5:13  Marine  
  41  5:18  SCV  
  41  5:19  Marine  
  41  5:20  Supply Depot  
  42  5:22  SCV, Supply Depot  
  43  5:28  Marine  
  43  5:30  SCV, Marine  
  43  5:32  Marine  
  46  5:43  SCV x2, Marine  
  46  5:46  Marine  
  46  5:48  Marine  
  46  5:49  Engineering Bay  
  44  5:50  Marine  
  44  5:55  SCV  
  44  6:01  Marine  
  44  6:04  Marine  
  44  6:05  Marine  
  44  6:07  SCV  
  44  6:08  Marine  
  48  6:18  Marine  
  48  6:22  Marine  
  48  6:23  Marine  
  48  6:24  SCV  
  48  6:25  SCV  
  53  6:26  Marine  
  54  6:44  Marine  
  54  6:45  Marine  
  54  6:46  Marine x2  
Show
View Real Time Build Order
Export as new Build Order

Astrea Protoss - Winner!

Build Orders: 1 Gate Expand 

Get SALT Encoding   

  12  0:00  Probe  
  13  0:12  Probe  
  14  0:17  Pylon  
  14  0:24  Probe (Chrono Boost)  
  16  0:36  Gateway, Probe (Chrono Boost)  
  16  0:43  Probe (Chrono Boost)  
  16  0:45  Assimilator  
  17  0:51  Probe  
  18  1:03  Probe  
  19  1:15  Probe  
  20  1:21  Nexus  
  20  1:31  Cybernetics Core  
  20  1:36  Probe  
  20  1:39  Assimilator  
  21  1:48  Probe  
  21  1:49  Pylon  
  22  1:59  Probe  
  23  2:05  Adept (Chrono Boost)  
  23  2:07  Probe  
  26  2:15  Probe  
  26  2:16  Stargate  
  27  2:24  Warp Gate  
  27  2:27  Probe  
  27  2:28  Adept (Chrono Boost)  
  28  2:33  Probe  
  31  2:42  Probe  
  32  2:46  Probe  
  32  2:50  Adept  
  33  2:54  Probe  
  37  3:00  Pylon  
  37  3:06  Probe  
  37  3:11  Probe  
  37  3:12  Void Ray (Chrono Boost)  
  40  3:17  Pylon  
  40  3:25  Probe  
  39  3:36  Probe  
  39  3:41  Probe  
  39  3:45  Void Ray (Chrono Boost)  
  41  3:48  Probe  
  41  3:53  Probe  
  43  4:00  Probe  
  44  4:05  Probe  
  44  4:09  Pylon  
  45  4:13  Probe  
  46  4:17  Probe  
  46  4:20  Void Ray (Chrono Boost)  
  51  4:25  Probe  
  51  4:29  Probe  
  53  4:37  Probe  
  54  4:41  Probe  
  54  4:42  Pylon  
  55  4:48  Assimilator  
  55  4:49  Assimilator, Probe  
  56  4:58  Void Ray (Chrono Boost)  
  56  4:59  Stalker  
  62  5:07  Robotics Facility  
  62  5:08  Probe x2  
  62  5:09  Gateway  
  62  5:13  Shield Battery  
  64  5:24  Probe x2  
  64  5:25  Pylon, Shield Battery, Stalker  
  66  5:50  Stalker  
  68  5:58  Immortal (Chrono Boost)  
  64  6:04  Gateway, Robotics Bay  
  64  6:08  Stalker  
  64  6:09  Pylon  
  62  6:14  Sentry  
  62  6:17  Probe x2  
  66  6:22  Oracle  
  69  6:27  Immortal (Chrono Boost)  
  69  6:30  Probe  
  69  6:31  Probe  
  75  6:34  Pylon  
  75  6:36  Sentry, Pylon  
  75  6:38  Zealot  
  73  6:59  Stalker x3  
Tags
 
Add a new tag
Caveats
  • Supply blocks, unpowered buildings, or Contaminate may cause inaccurate times.
  • Supply counts are checked every 10 seconds.